[ PARTIDA AOE2 · #505743000 ]
UnrankedEslavos vs Celts
Equipo del jugador · DERR
Equipo rival · VICT
[ ANÁLISIS DE REPETICIÓN · EXTRAÍDO DE LA PARTIDA GRABADA ]
Feudal
—
Castillos
—
Imperial
—
| APM promedio | 78.5 |
| APM pico | 96 |
| eAPM promedio | 33.4 |
| Aldeanos / militares | 8 / 0 |
Foco
⚔️ 26.3% · 🌾 73.7%
Feudal
—
Castillos
—
Imperial
—
| APM promedio | 67.9 |
| APM pico | 79 |
| eAPM promedio | 26.6 |
| Aldeanos / militares | 7 / 0 |
Foco
⚔️ 40.5% · 🌾 59.5%
Mapa de la partida
Recursos iniciales + cada clic de construcción. Líneas = muros · curvas = relieve. ◆ oro · ⬟ piedra · ● bayas · ✦ reliquia · ◌ hueco del cierre
Tu base
Base de Rododino
Terreno inicial suavizado · ◌ = hueco del cierre detectado · pasá el cursor para detalles
Inputs por minuto
— Kirtap - - Rododino
Build order — Kirtap
18 acciones detectadas en el replay
| 0:00 | Crear | Villager (Male) |
| 0:01 | Investigar | Loom |
| 0:06 | Crear | Villager (Male) |
| 0:13 | Crear | Villager (Male) |
| 0:14 | Crear | Villager (Male) |
| 0:14 | Crear | Villager (Male) |
| 0:14 | Crear | Villager (Male) |
| 0:18 | Construir | House |
| 1:35 | Construir | Palisade Wall |
| 1:37 | Construir | Palisade Wall |
| 1:38 | Construir | Palisade Wall |
| 1:39 | Construir | Palisade Wall |
| 1:40 | Construir | Palisade Wall |
| 1:51 | Construir | Palisade Wall |
| 2:03 | Crear | Villager (Male) |
| 2:27 | Construir | House |
| 2:56 | Crear | Villager (Male) |
| 3:08 | Construir | Palisade Wall |
Build order — Rododino
16 acciones detectadas en el replay
| 0:01 | Crear | Villager (Male) |
| 0:02 | Construir | House |
| 0:03 | Construir | House |
| 0:11 | Crear | Villager (Male) |
| 0:11 | Crear | Villager (Male) |
| 0:12 | Crear | Villager (Male) |
| 0:43 | Construir | Palisade Wall |
| 1:07 | Construir | Palisade Wall |
| 1:47 | Crear | Villager (Male) |
| 2:02 | Construir | Palisade Wall |
| 2:14 | Investigar | Loom |
| 2:16 | Construir | Palisade Wall |
| 2:17 | Construir | Palisade Wall |
| 2:34 | Crear | Villager (Male) |
| 3:07 | Crear | Villager (Male) |
| 3:10 | Construir | Palisade Wall |
Cronología de la partida
| 0:43 | Rododino · wall_segment Palisade Wall x7 |
| 1:07 | Rododino · wall_segment Palisade Wall x2 |
| 1:35 | Kirtap · wall_segment Palisade Wall x1 |
| 1:37 | Kirtap · wall_segment Palisade Wall x1 |
| 1:38 | Kirtap · wall_segment Palisade Wall x1 |
| 1:39 | Kirtap · wall_segment Palisade Wall x1 |
| 1:40 | Kirtap · wall_segment Palisade Wall x1 |
| 1:51 | Kirtap · wall_segment Palisade Wall x1 |
| 2:02 | Rododino · wall_segment Palisade Wall x1 |
| 2:16 | Rododino · wall_segment Palisade Wall x1 |
| 2:17 | Rododino · wall_segment Palisade Wall x1 |
| 3:08 | Kirtap · wall_segment Palisade Wall x1 |
| 3:10 | Rododino · wall_segment Palisade Wall x1 |
| 3:25 | Kirtap · resign |
[ ANÁLISIS IA · 1 CRÉDITO ]
¿Qué pasó realmente en esta partida?
Wolo.gg analiza cada decisión: build order, eco, micro, errores típicos por bracket. Análisis personalizado por WhatsApp o Discord en 30 segundos.
Guía civ
Eslavos
Perfil
Kirtap